 Dungeon Crawl Stone Soup version 0.27.1-3-gb3d3a73c9e (webtiles) character file.

Game seed: 15385360769228739192

955 BinkBink the Poker (level 7, 0/55 HPs)
             Began as a Demonspawn Abyssal Knight on Oct 31, 2021.
             Was a Believer of Lugonu.
             Slain by an ogre (10 damage)
             ... on level 6 of the Dungeon.
             The game lasted 00:15:32 (7856 turns).

BinkBink the Poker (Demonspawn Abyssal Knight)      Turns: 7856, Time: 00:15:32

Health: 0/55       AC:  4    Str: 12    XL:     7   Next: 91%
Magic:  0/8        EV: 13    Int: 13    God:    Lugonu [**....]
Gold:   221        SH:  0    Dex: 17    Spells: 6/6 levels left

rFire    . . .     SeeInvis .   a - +1 spear
rCold    . . .     Faith    .   (no shield)
rNeg     . . .     Spirit   +   b - +0 leather armour
rPois    .         Reflect  .   (helmet restricted)
rElec    .         Harm     .   (no cloak)
rCorr    .         Rampage  .   g - +0 pair of gloves
Will     .....                  (no boots)
Stlth    +++.......             f - amulet of guardian spirit
HPRegen  0.18/turn              (no ring)
MPRegen  0.11/turn              (no ring)

@: no status effects
A: horns 1, thin skeletal structure 1, demonic guardian 1, ignite blood 3
a: Renounce Religion, Depart the Abyss, Bend Space


You were on level 6 of the Dungeon.
You worshipped Lugonu.
Lugonu was pleased with you.
You visited 1 branch of the dungeon, and saw 6 of its levels.
You visited the Abyss 1 time.

You collected 221 gold pieces.

Inventory:

Hand Weapons
 a - a +1 spear (weapon)
 s - a +0 hand crossbow
Missiles
 t - 23 poisoned darts
Armour
 b - a +0 leather armour (worn)
 g - a +0 pair of gloves (worn)
Jewellery
 f - an amulet of guardian spirit (around neck)
 v - a ring of protection from cold
Scrolls
 i - 3 scrolls of noise
 j - a scroll of amnesia
 l - 3 scrolls of fog {unknown}
 n - a scroll of summoning {unknown}
 p - 4 scrolls of identify {unknown}
 q - 3 scrolls of teleportation {unknown}
 r - a scroll of blinking {unknown}
Potions
 c - a potion of cancellation {unknown}
 d - a potion of brilliance {unknown}
 e - 4 potions of curing {unknown}
 h - a potion of degeneration {unknown}
 k - 2 potions of heal wounds {unknown}
 m - 2 potions of berserk rage {unknown}
 o - a potion of ambrosia {unknown}
 u - a potion of attraction {unknown}


   Skills:
 + Level 4.6 Fighting
 + Level 5.5 Polearms
 + Level 3.4 Armour
 + Level 3.1 Dodging
 + Level 3.1 Stealth
 + Level 2.6 Invocations


You had 6 spell levels left.
You didn't know any spells.
Your spell library contained the following spells:

 Spells                   Type           Power      Damage    Failure   Level
 Corpse Rot               Necr/Air       N/A        N/A       52%         2
 Static Discharge         Conj/Air       0%         N/A       52%         2
 Gell's Gravitas          Tloc           0%         N/A       75%         3
 Lesser Beckoning         Tloc           0%         N/A       75%         3
 Teleport Other           Tloc           0%         N/A       75%         3
 Dispel Undead            Necr           0%         3d6       98%         4
 Lightning Bolt           Conj/Air       0%         1d11      100%        5
 Death Channel            Necr           0%         N/A       100%        6
 Maxwell's Capacitive Co  Air            0%         ∞         100%        8


Dungeon Overview and Level Annotations

Branches:
Dungeon (6/15)
 Temple: D:4-7

Altars:
Fedhas
Kikubaaqudgha
Ru
Trog
Wu Jian

Annotations:
D:6 Dowan, Duvessa, Maggie


Innate Abilities, Weirdness & Mutations

You have a pair of small horns on your head.
You have a somewhat thin skeletal structure. (Dex +2, Stealth+)
A weak demonic guardian rushes to your aid.
Your demonic aura causes all spilled blood to erupt in flames.


Message History

Maggie casts a spell.
Maggie attempts to bespell you!
You are mesmerised by Maggie!
You cannot move away from Maggie!
You are no longer entranced.
The ufetubus shouts!
Maggie gives herself a magical halo, but it quickly sputters out.
Maggie casts a spell at you. The bolt of fire misses you.
Your quasit bites Maggie but does no damage.
Your quasit claws Maggie but does no damage. x2
The ufetubus hits you.
* * * LOW HITPOINT WARNING * * *
The ufetubus misses you.
Maggie gestures wildly while chanting.
Maggie attempts to bespell you!
You are mesmerised by Maggie!
Your quasit bites Maggie but does no damage.
Your quasit barely misses Maggie.
Your quasit claws Maggie but does no damage.
The ufetubus barely misses you.
The ufetubus hits you but does no damage.
The ufetubus hits you.
* * * LOW HITPOINT WARNING * * *
The ufetubus hits you but does no damage.
There is a stone staircase leading up, spattered with blood here.
You cannot move away from Maggie!
The ufetubus closely misses you.
The ufetubus hits you but does no damage.
You break out of your daze!
The ufetubus closely misses you. The ufetubus barely misses you.
The ufetubus barely misses you. The ufetubus hits you.
* * * LOW HITPOINT WARNING * * *
Your quasit bites Maggie.
Your quasit claws Maggie but does no damage. x2
Something hits your quasit. The ogre hits you with a +0 giant club.
* * * LOW HITPOINT WARNING * * *
A demonic guardian appears!
The ogre hits you with a +0 giant club!
You die...

.@....##### #.# #.....
#####.....###.##....#..
.5@....##...#....# ####
######...##....###
?.........@<...#
.######..##.#### #
#.#..555.# #..
###...####.####.....
###...### #..@...#
#....## ###O####
###...# .... ......#
#### ####... .##...#
#.... ##...
###...##..#### ..
.............. .
..#...<..####
#......###


You could see Maggie, an ogre (ally target), a friendly quasit (summoned) and a
friendly white imp (summoned, wandering).

Vanquished Creatures
  A steam dragon (D:6)
  An ice beast (D:4)
  A sky beast (D:5)
  A centaur (D:5)
  An ogre (D:6)
  A bullfrog zombie (D:5)
  A howler monkey (D:5)
  2 hounds
  A bullfrog skeleton (D:5)
  Terence (D:2)
  2 centaur skeletons
  An iguana (D:4)
  An orc wizard (D:5)
  A hound skeleton (D:4)
  A howler monkey zombie (D:5)
  3 adders
  A white imp (D:3)
  2 worms (D:3)
  2 dart slugs (D:1)
  6 orcs
  11 endoplasms
  6 giant cockroaches
  7 goblins
  6 hobgoblins
  5 jackals
  8 kobolds
  6 quokkas
  4 ball pythons
  6 bats
  3 frilled lizards
  4 rats
97 creatures vanquished.

Vanquished Creatures (collateral kills)
  A bullfrog zombie (D:6)
  A jelly (D:6)
2 creatures vanquished.

Vanquished Creatures (others)
  3 plants (D:6)
3 creatures vanquished.

Grand Total: 102 creatures vanquished

Notes
Turn   | Place    | Note
-------+----------+-------------------------------------------
     0 | Abyss:1  | BinkBink the Demonspawn Abyssal Knight began the quest for
                  | the Orb.
     0 | Abyss:1  | Reached XP level 1. HP: 18/18 MP: 2/2
    40 | Abyss:1  | Noticed a ynoxinul
    43 | Abyss:1  | Noticed a small abomination
    56 | Abyss:1  | Noticed a thrashing horror
    62 | Abyss:1  | Noticed a small abomination
    63 | D:1      | Escaped the Abyss
   346 | D:1      | Found a faded altar of an unknown god.
   613 | D:1      | Gained mutation: Your demonic aura sometimes causes spilled
                  | blood to erupt in flames. [demonic ancestry]
   613 | D:1      | Reached XP level 2. HP: 17/24 MP: 3/3
   731 | D:1      | Reached * piety under Lugonu
   986 | D:1      | Reached skill level 2 in Polearms
  1382 | D:1      | Gained mutation: You have a pair of small horns on your
                  | head. [demonic ancestry]
  1382 | D:1      | Reached XP level 3. HP: 25/29 MP: 4/4
  1744 | D:2      | Noticed Terence
  1879 | D:2      | Killed Terence
  1880 | D:2      | Reached skill level 1 in Dodging
  2177 | D:2      | Found a sacrificial altar of Ru.
  2228 | D:2      | Gained mutation: You have a somewhat thin skeletal
                  | structure. (Dex +2, Stealth+) [demonic ancestry]
  2228 | D:2      | Reached XP level 4. HP: 36/36 MP: 5/5
  2662 | D:3      | Reached ** piety under Lugonu
  3228 | D:3      | Reached skill level 3 in Polearms
  4141 | D:4      | Gained mutation: Your demonic aura often causes spilled
                  | blood to erupt in flames. [demonic ancestry]
  4141 | D:4      | Reached XP level 5. HP: 29/42 MP: 4/6
  4370 | D:4      | Reached skill level 1 in Stealth
  4916 | D:5      | Entered Level 5 of the Dungeon
  4924 | D:5      | Gained mutation: Your demonic aura causes all spilled blood
                  | to erupt in flames. [demonic ancestry]
  4924 | D:5      | Reached XP level 6. HP: 41/48 MP: 7/7
  4986 | D:5      | Noticed an ice beast
  5043 | D:4      | Killed an ice beast
  5044 | D:4      | Reached skill level 4 in Polearms
  5523 | D:5      | Gained mutation: A weak demonic guardian rushes to your
                  | aid. [demonic ancestry]
  5523 | D:5      | Reached XP level 7. HP: 42/54 MP: 6/8
  5965 | D:5      | Found a faded altar of an unknown god.
  5965 | D:5      | Found an ornate altar of the Wu Jian Council.
  5973 | D:5      | Found a faded altar of an unknown god.
  5975 | D:5      | Found a bloodstained altar of Trog.
  5977 | D:5      | Found an ancient bone altar of Kikubaaqudgha.
  6725 | D:5      | Reached skill level 5 in Polearms
  7039 | D:6      | Noticed Maggie
  7049 | D:6      | Noticed a two-headed ogre
  7366 | D:6      | Found a blossoming altar of Fedhas.
  7381 | D:6      | Noticed Duvessa
  7381 | D:6      | Noticed Dowan
  7484 | D:6      | Noticed a steam dragon
  7493 | D:6      | Killed a steam dragon
  7856 | D:6      | Slain by an ogre

Illustrated notes

Levels and vault maps discovered:
D:1:      minmay_arrival_four_circles, layout_basic, serial_rivers,
          chequers_serial_rivers_micro_d, chequers_serial_rivers_marsh,
          chequers_serial_rivers_micro_c, chequers_serial_rivers_large_b,
          chequers_serial_rivers_micro_b, ebering_ecumenical_altar_box,
          minmay_unequal
D:2:      layout_basic, basic_altar, uniq_terence
D:3:      layout_basic, serial_park_tiny_2
D:4:      layout_loops_ring, corexii_hall_statues_s
D:5:      layout_rooms, chequers_temple_overflow_minitemple
D:6:      layout_rooms, nzn_hepliaklqana_mist_gate, fedhas_ov_isle_minmay,
          minmay_misc_feat_secret_circle, uniq_maggie, uniq_duvessa

Skill      XL: |  1  2  3  4  5  6  7 |
---------------+----------------------+-----
Armour         | 2 3 |  3.4
Polearms       | 2 3 4 5 |  5.5
Dodging        | 1 2 3 |  3.1
Stealth        | 1 2 3 |  3.1
Fighting       | 4 |  4.6
Invocations    | |  2.6

Action                   |  1- 3 |  4- 6 |  7- 9 || total
-------------------------+-------+-------+-------++-------
Melee: Spear             |   110 |   201 |    71 ||   382
       Headbutt          |     8 |    27 |    14 ||    49
Invok: Depart the Abyss  |     1 |       |       ||     1
  Use: Scroll            |     1 |     1 |       ||     2
 Stab: Sleeping          |       |    11 |     1 ||    12
       Distracted        |       |     1 |       ||     1
Armor: Leather armour    |    27 |    56 |    17 ||   100
Dodge: Dodged            |    43 |    96 |    30 ||   169
